 Dungeon Crawl Stone Soup version 0.24-a0-277-g67e6301 (webtiles) character file.

Game seed: 11509646551760389405

1106 EazyBreezy the Slasher (level 8, -2/60 HPs)
             Began as a Demonspawn Gladiator on Apr 29, 2019.
             Was an Initiate of Gozag.
             Slain by a wyvern (13 damage)
             ... on level 7 of the Dungeon.
             The game lasted 00:14:23 (5241 turns).

EazyBreezy the Slasher (Demonspawn Gladiator)       Turns: 5241, Time: 00:14:23

Health: -2/60      AC:  7    Str: 15    XL:     8   Next: 11%
Magic:  18/18      EV: 16    Int:  9    God:    Gozag
Gold:   511        SH:  0    Dex: 17    Spells: 7/7 levels left

rFire    . . .     SeeInvis .   a - +2 long sword
rCold    . . .     Gourm    .   (no shield)
rNeg     . . .     Faith    .   b - +1 leather armour
rPois    .         Spirit   .   c - +0 helmet
rElec    .         Reflect  .   k - +0 cloak
rCorr    .         Harm     .   (no gloves)
MR       .....                  (no boots)
Stlth    +.........             (no amulet)
HPRegen  0.20/turn              e - +1 ring of protection
MPRegen  0.16/turn              u - ring of magical power

@: lethally poisoned (-2 -> -10), gold aura
A: talons 1, repulsion field 1
a: Potion Petition, Call Merchant, Bribe Branch, Renounce Religion


You were on level 7 of the Dungeon.
You worshipped Gozag.
Gozag was pleased with you.
You were hungry.

You visited 2 branches of the dungeon, and saw 10 of its levels.

You collected 565 gold pieces.
You paid 54 gold pieces to Gozag.

Inventory:

Hand Weapons
 a - a +2 long sword (weapon)
 w - a +2 broad axe of venom
Missiles
 d - 4 throwing nets (quivered)
Armour
 b - a +1 leather armour (worn)
 c - a +0 helmet (worn)
 k - a +0 cloak (worn)
Jewellery
 e - a +1 ring of protection (left hand)
 u - a ring of magical power (right hand)
 y - an uncursed ring of protection from fire {unknown}
Wands
 r - a wand of iceblast (15)
Scrolls
 m - 3 scrolls of magic mapping
 o - 2 scrolls of remove curse
 A - 3 scrolls of identify
Potions
 g - 4 potions of lignification
 h - a potion of cancellation {unknown}
 i - 4 potions of agility {unknown}
 j - 2 potions of brilliance
 l - a potion of berserk rage {unknown}
 n - 7 potions of curing
 p - a potion of haste {unknown}
 q - a potion of resistance
 s - a potion of invisibility
 t - 2 potions of mutation
 v - 2 potions of magic {unknown}
 x - a potion of degeneration {unknown}
 z - a potion of flight {unknown}
Comestibles
 f - 9 rations


   Skills:
 * Level 3.9 Fighting
 * Level 7.0 Long Blades
 - Level 1.7 Throwing
 * Level 3.0 Armour
 * Level 4.0 Dodging
 * Level 1.6 Evocations


You had 7 spell levels left.
You didn't know any spells.
Your spell library contained the following spells:

 Spells                   Type           Power        Failure   Level  Hunger
 Corona                   Hex            #......      45%         1    ##.....
 Slow                     Hex            #.......     58%         2    ###....
 Inner Flame              Hex/Fire       #.......     83%         3    ####...
 Portal Projectile        Hex/Tloc       #.....       83%         3    ####...
 Cause Fear               Hex            #.........   99%         4    #####..
 Leda's Liquefaction      Hex/Erth       #.........   99%         4    #####..


Dungeon Overview and Level Annotations

Branches:
Dungeon (9/15)             Temple (1/1) D:4
   Lair: D:8-11         Orc: D:9-12

Altars:
Ashenzari
Cheibriados
Elyvilon
Gozag
Hepliaklqana
Kikubaaqudgha
Makhleb
Nemelex Xobeh
Ru
Sif Muna
Trog
Uskayaw
Vehumet
Wu Jian
Xom
Yredelemnul
Zin
The Shining One

Shops:
D:4 *?(*=   D:5 *   D:8 ?

Annotations:
D:8 Grum


Innate Abilities, Weirdness & Mutations

You have sharp toenails.
You are surrounded by a mild repulsion field. (EV +2)


Message History

The worker ant poisons you!
You hit the worker ant.
You kill the worker ant!
You feel sick.
The wyvern is no longer distracted by gold.
The wyvern misses you.
You closely miss the wyvern. You claw the wyvern, but do no damage.
You feel sick. The wyvern completely misses you.
You riposte.
You closely miss the wyvern. You claw the wyvern.
The wyvern is lightly wounded.
The wyvern misses you.
You riposte.
You closely miss the wyvern.
The wyvern is lightly wounded.
You hit the wyvern.
The wyvern is lightly wounded.
You feel sick. The wyvern misses you.
You barely miss the wyvern.
The wyvern is lightly wounded.
You feel sick. The wyvern bites you!
You die...
Your body crumbles into a pile of gold.

.#####.##..#.#
........#..#.#
.#####..#..#.####
.....)..........+
.#........(#.####
.#####.###.#.#
...........#.#
######.#####.###########
+..............l@.......
######.#####.########...
# #.# #....# # #.#
#....# # #.# #....# #
#.# #....# # #.# #.....
. .. #..... $ # ###....


You could see a wyvern.

Vanquished Creatures
  A sky beast (D:7)
  A wolf (D:8)
  A water moccasin zombie (D:5)
  A scorpion (D:5)
  A killer bee (D:9)
  A howler monkey (D:4)
  A bullfrog zombie (D:7)
  A quasit (D:5)
  Crazy Yiuf (D:5)
  2 jellies
  2 orc priests
  5 hounds
  2 orc wizards (D:4)
  2 worker ants
  6 adders
  2 shadow imps
  3 oozes
  A worm (D:2)
  An adder skeleton (D:4)
  A dart slug (D:3)
  2 leopard geckos
  15 orcs
  A ball python (D:2)
  7 giant cockroaches
  10 goblins
  10 hobgoblins
  14 jackals
  5 quokkas
  2 bats
  6 frilled lizards
  6 kobolds
  A quokka skeleton (D:4)
  8 rats
123 creatures vanquished.

Vanquished Creatures (others)
  A yak (D:9)
  A killer bee (D:9)
2 creatures vanquished.

Grand Total: 125 creatures vanquished

Notes
Turn   | Place    | Note
-------+----------+-------------------------------------------
     0 | D:1      | EazyBreezy the Demonspawn Gladiator began the quest for the
                  | Orb.
     0 | D:1      | Reached XP level 1. HP: 16/16 MP: 1/1
   348 | D:1      | Gained mutation: You have sharp toenails. [demonic
                  | ancestry]
   348 | D:1      | Reached XP level 2. HP: 13/22 MP: 2/2
   357 | D:1      | Reached skill level 3 in Long Blades
   644 | D:1      | Gained mutation: You are surrounded by a mild repulsion
                  | field. (EV +2) [demonic ancestry]
   644 | D:1      | Reached XP level 3. HP: 27/27 MP: 3/3
   963 | D:2      | Found an ancient bone altar of Kikubaaqudgha.
  1133 | D:2      | Reached XP level 4. HP: 14/33 MP: 4/4
  1348 | D:2      | Found a snail-covered altar of Cheibriados.
  1452 | D:2      | Reached skill level 1 in Armour
  1715 | D:3      | Reached skill level 4 in Long Blades
  1994 | D:3      | Reached XP level 5. HP: 29/39 MP: 5/5
  2506 | D:4      | Found Pifumum's Magic Scroll Shoppe.
  2557 | D:4      | Found Waquin's Antique Weapon Shoppe.
  2567 | D:4      | Found Teydoesm's General Store.
  2596 | D:4      | Found Kaggimare's Jewellery Emporium.
  2646 | D:4      | Found a staircase to the Ecumenical Temple.
  2665 | D:4      | Reached skill level 5 in Long Blades
  2665 | D:4      | Reached XP level 6. HP: 26/46 MP: 6/6
  2895 | Temple   | Entered the Ecumenical Temple
  3061 | Temple   | Became a worshipper of Gozag Ym Sagoz the Greedy
  3152 | D:4      | Found a hazy altar of Hepliaklqana.
  3283 | D:4      | Found Zujynof's Assorted Antiques.
  3324 | D:4      | Found a shimmering altar of Xom.
  3325 | D:4      | Found a shimmering altar of Xom.
  3326 | D:4      | Found a shimmering altar of Xom.
  3715 | D:5      | Entered Level 5 of the Dungeon
  3735 | D:5      | Found a sacrificial altar of Ru.
  3813 | D:5      | Found Lediaw's General Store.
  3944 | D:5      | Reached XP level 7. HP: 50/52 MP: 7/7
  4087 | D:5      | Found a runed translucent door.
  4088 | D:5      | Noticed Crazy Yiuf
  4111 | D:5      | Reached skill level 6 in Long Blades
  4307 | D:5      | Killed Crazy Yiuf
  4454 | D:6      | Found a deep blue altar of Sif Muna.
  4550 | D:6      | Found a white marble altar of Elyvilon.
  4567 | D:6      | Found a glowing silver altar of Zin.
  4622 | D:6      | You fall through a shaft for 3 floors!
  4637 | D:9      | Noticed a yak
  4637 | D:9      | Noticed a yak
  4637 | D:9      | Noticed a yak
  4637 | D:9      | Noticed a yak
  4637 | D:9      | Noticed a yak
  4637 | D:9      | Noticed a yak
  4639 | D:9      | Identified a scroll of acquirement
  4654 | D:9      | Killed a yak
  4672 | D:9      | Found a shimmering altar of Xom.
  4679 | D:9      | Reached skill level 1 in Evocations
  4694 | D:9      | Noticed a yak
  4694 | D:9      | Noticed a yak
  4694 | D:9      | Noticed a yak
  4694 | D:9      | Noticed a yak
  5043 | D:8      | Noticed Grum
  5060 | D:8      | Found Fieteo's Magic Scroll Shoppe.
  5216 | D:7      | Noticed a wyvern
  5234 | D:7      | Reached skill level 7 in Long Blades
  5234 | D:7      | Reached XP level 8. HP: 22/60 MP: 9/9
  5241 | D:7      | Slain by a wyvern

Levels and vault maps discovered:
D:1:      lordsloth_arrival_two_stooges, layout_loops_corners,
          minmay_misc_feat_pillars
D:2:      layout_basic, nicolae_overflow_crystal_walls, lemuel_doored_altar
D:3:      layout_loops_ring, kennysheep_generic_room_2
D:4:      layout_rooms, kennysheep_mini, minmay_temple_entry_statues_fountains,
          serial_shops, nicolae_shop_stone, shop_fountains, shop, shop, shop,
          xom_redecorated
D:5:      layout_rooms, nicolae_overflow_hidden_temple, serial_shops, shop,
          first_ration, supply_closet_lemuel, serial_bayou_lake_a,
          uniq_crazy_yiuf_cottage
D:6:      layout_basic, zin_scriptorium, led_sif_book, kennysheep_little_box
D:7:      layout_basic, lemuel_crystal_altar, lemuel_round_altar
D:8:      layout_basic, okawaru_metal_pillars_1_2, dpeg_lair_monsters,
          serial_shops, kennysheep_mini_moat, uniq_grum
D:9:      layout_basic, marbit_many_paths, lemuel_crystal_altar, uniq_pikel,
          uniq_psyche
Temple:   compressed_dpeg_circular_temple

Skill      XL: |  1  2  3  4  5  6  7 |
---------------+----------------------+-----
Long Blades    | 3 4 5 7 |  7.0
Dodging        | 3 4 |  4.0
Armour         | 1 2 3 |  3.0
Fighting       | 3 |  3.9
Evocations     | 1 |  1.6
Throwing       | |  1.7

Action                   |  1- 3 |  4- 6 |  7- 9 || total
-------------------------+-------+-------+-------++-------
Melee: Long sword        |    93 |   124 |    91 ||   308
       Kick              |    23 |    39 |    33 ||    95
  Use: Scroll            |     6 |    10 |     3 ||    19
       Potion            |       |       |     5 ||     5
 Stab: Sleeping          |     1 |       |       ||     1
       Invisible         |       |       |     1 ||     1
  Eat: Ration            |     1 |     2 |     1 ||     4
Armor: Leather armour    |    29 |    41 |    28 ||    98
Dodge: Dodged            |   108 |   135 |    95 ||   338
       Rpst.: Long sword |    33 |    41 |    34 ||   108

Table legend:
 A = Non-vault XP
 B = Vault XP
 C = Vault XP percentage of total XP
 D = Non-vault monster count
 E = Vault monster count
 F = Vault count percentage of total count
                 A         B        C        D         E       F
            +---------+---------+-------+---------+---------+-------
      Total |    1420 |     161 |  10.2 |     122 |       3 |   2.4
            +---------+---------+-------+---------+---------+-------
        D:1 |      43 |       0 |   0.0 |      20 |       0 |   0.0
        D:2 |      64 |       0 |   0.0 |      29 |       0 |   0.0
        D:3 |     105 |       3 |   2.8 |      19 |       1 |   5.0
        D:4 |     261 |       0 |   0.0 |      16 |       0 |   0.0
        D:5 |     398 |      42 |   9.5 |      17 |       1 |   5.6
        D:6 |      96 |       0 |   0.0 |       6 |       0 |   0.0
        D:7 |     231 |       0 |   0.0 |       7 |       0 |   0.0
        D:8 |      48 |     116 |  70.7 |       4 |       1 |  20.0
        D:9 |     174 |       0 |   0.0 |       4 |       0 |   0.0
            +---------+---------+-------+---------+---------+-------
